 Dungeon Crawl Stone Soup version 0.22-a0-362-g535178c (webtiles) character file.

112 Firecrotchwizard the Shield-Bearer (level 4, -2/31 HPs)
             Began as an Octopode Fighter on Apr 20, 2018.
             Slain by an ooze (4 damage)
             ... on level 3 of the Dungeon.
             The game lasted 00:02:51 (2040 turns).

Firecrotchwizard the Shield-Bearer (OpFi)           Turns: 2040, Time: 00:02:51

Health: -2/31      AC:  1    Str: 15    XL:     4   Next: 95%
Magic:  13/13      EV:  8    Int: 10    God:
Gold:   120        SH:  9    Dex: 12    Spells: 3/3 levels left

rFire    . . .     SeeInvis .   a - +0 long sword
rCold    . . .     Gourm    .   b - +0 shield
rNeg     . . .     Faith    .   (helmet restricted)
rPois    .         Spirit   .   (no amulet)
rElec    .         Reflect  .   g - ring of magical power {MP+9}
rCorr    .         Harm     .   k - -4 ring of evasion (curse)
MR       .....                  (no ring)
Stlth    +++.......             (no ring)
HPRegen  0.10/turn              (no ring)
MPRegen  0.13/turn              (no ring)
                                (no ring)
                                (no ring)

@: lethally poisoned (-2 -> -7)
A: almost no armour, stealthy swim, amphibious, 8 rings, constrict 8, camouflage
1, gelatinous body 1
a: no special abilities


You were on level 3 of the Dungeon.
You were hungry.

You visited 1 branch of the dungeon, and saw 3 of its levels.

You collected 120 gold pieces.

Inventory:

Hand Weapons
 a - a +0 long sword (weapon)
Armour
 b - a +0 shield (worn)
Jewellery
 g - a ring of magical power (left tentacle) {MP+9}
   (You found it on level 1 of the Dungeon)
 k - a cursed -4 ring of evasion (right tentacle)
   (You found it on level 3 of the Dungeon)
Scrolls
 e - a scroll of identify {unknown}
 f - a scroll of teleportation {unknown}
 i - 2 scrolls of magic mapping {unknown}
 j - a scroll of blinking {unknown}
Potions
 c - 2 potions of might
 h - a potion of cancellation {unknown}
Comestibles
 d - 2 rations {@e1}
 l - 2 chunks of flesh {@w0}


   Skills:
 + Level 3.4 Fighting
 * Level 3.3 Long Blades
 + Level 3.4 Dodging
 + Level 2.1 Stealth
 + Level 3.5 Shields


You had 3 spell levels left.
You didn't know any spells.

Dungeon Overview and Level Annotations

Branches:
Dungeon (3/15)

Altars:


Innate Abilities, Weirdness & Mutations

You cannot wear most types of armour.
You are very stealthy in the water. (Stealth+)
You are amphibious.
You can wear up to eight rings at the same time.
You can use your tentacles to constrict eight enemies at once.
Your skin changes colour to match your surroundings (Stealth+).
Your rubbery body absorbs attacks. (AC +1, EV +1)


Message History

An orc comes into view.
Okay, then.
You hit the orc but do no damage. You grab the orc.
You constrict the orc, but do no damage.
You block the orc's attack.
You hit the orc but do no damage. You squeeze the orc, but do no damage.
You constrict the orc, but do no damage.
The orc closely misses you.
You riposte.
You hit the orc but do no damage. You squeeze the orc.
You hit the orc but do no damage. You constrict the orc.
The orc barely misses you.
You riposte.
You hit the orc but do no damage. You hit the orc.
You kill the orc!
No target in view!
You now have 120 gold pieces (gained 3).
An adder comes into view.
The helpless adder fails to defend itself.
You slash the adder! You grab the adder. Your squeeze misses the adder.
You constrict the adder.
You kill the adder!
You are feeling hungry.
No target in view!
You may need something to eat soon, looking for food.
Can't find anything matching that.
Sorry, you're not good enough to have a special ability.
An adder comes into view.
An adder comes into view.
The adder hisses angrily.
The adder closely misses you.
You miss the adder. You grab the adder. You constrict the adder.
You block the adder's attack. x2
You hit the adder but do no damage. You constrict the adder.
You block the adder's attack. The adder bites you.
You take 4 damage, and have 27/31 hp.
You slash the adder!
You kill the adder!
You see here an adder corpse.
An adder is nearby!
You butcher the adder corpse.
Things that are here:
2 chunks of flesh {@w0}; an adder skeleton
l - 2 chunks of flesh {@w0} The adder hisses angrily.
An adder comes into view.
An ooze comes into view.
The adder hisses angrily.
Found a stone staircase leading down.
The ooze quivers.
You slash the adder! Your grab misses the adder.
You squeeze the adder, but do no damage.
You block the adder's attack. The adder bites you.
You take 2 damage, and have 26/31 hp.
You closely miss the adder. Your grab misses the adder.
You completely miss the adder. You grab the adder. You constrict the adder.
You block the adder's attack. The adder bites you.
You block the adder's attack. The adder bites you.
You are poisoned.
The adder poisons you!
You take 4 damage, and have 22/31 hp.
You release your grip on the adder.
You feel sick. The adder barely misses you. The adder bites you.
You take 5 damage, and have 17/31 hp.
You see here an adder skeleton.
The adder bites you.
You take 5 damage, and have 12/31 hp.
You are too injured to fight recklessly!
You are too injured to fight recklessly!
You are too injured to fight recklessly!
You slash the adder! Your grab misses the adder. Your squeeze misses the adder.
You feel sick. You block the adder's attack.
The ooze jiggles.
You block the adder's attack.
You take 1 damage, and have 11/31 hp.
You hit the adder.
You kill the adder!
Your Stealth skill increases to level 2!
The adder bites you.
* * * LOW HITPOINT WARNING * * *
You take 4 damage, and have 7/31 hp.
You barely miss the adder. Your grab misses the adder.
Your squeeze misses the adder.
You feel sick. You block the adder's attack. x2
You take 1 damage, and have 6/31 hp.
You closely miss the adder. Your grab misses the adder.
You block the adder's attack. x2
You miss the adder. Your grab misses the adder. The adder bites you.
* * * LOW HITPOINT WARNING * * *
You are lethally poisoned!
The adder poisons you!
You take 2 damage, and have 4/31 hp.
You closely miss the adder. You grab the adder. You constrict the adder.
* * * LOW HITPOINT WARNING * * *
You feel sick. You block the adder's attack. x2
You take 1 damage, and have 3/31 hp.
You hit the adder.
You kill the adder!
* * * LOW HITPOINT WARNING * * *
You feel sick.
You take 1 damage, and have 2/31 hp.
You slash the ooze! The ooze hits you.
You die...

#.# .# #.# .#
#.# .# #.# .#
#.# #.# ##.#
#.# #.# #..#
#.# #.# #.##
#.# #.# #J# #.#
#.# #@# #.# #.#
#.# #.# #.# #.#
#.####.###.####
#.............#
######.###.##.#
#.# #.# # #.#
#.# #.# #.#


You could see an ooze.

Vanquished Creatures
  7 adders
  A leopard gecko (D:1)
  2 orcs (D:3)
  A ball python (D:1)
  3 giant cockroaches
  4 goblins
  3 hobgoblins
  3 jackals (D:1)
  8 kobolds
  8 bats
  6 frilled lizards (D:1)
  2 rats
48 creatures vanquished.

Notes
Turn   | Place    | Note
-------+----------+-------------------------------------------
     0 | D:1      | Firecrotchwizard the Octopode Fighter began the quest for the Orb.
     0 | D:1      | Reached XP level 1. HP: 16/16 MP: 1/1
   242 | D:1      | Reached XP level 2. HP: 21/21 MP: 2/2
   285 | D:1      | Reached skill level 1 in Stealth
   530 | D:1      | Reached XP level 3. HP: 26/26 MP: 3/3
  1543 | D:3      | Reached XP level 4. HP: 31/31 MP: 4/4
  1612 | D:3      | Reached skill level 3 in Long Blades
  2034 | D:3      | Reached skill level 2 in Stealth
  2034 | D:3      | HP: 7/31 [adder (5)]
  2038 | D:3      | HP: 3/31 [poisoned by an adder]
  2040 | D:3      | Slain by an ooze

Vault maps used:
D:1:      lordsloth_arrival_two_stooges, serial_forest,
          infiniplex_forest_clump_cross, infiniplex_forest_straight_2,
          infiniplex_forest_zigzag_1, infiniplex_forest_lined_corner,
          infiniplex_forest_clump_diagonal, infiniplex_forest_clump_long,
          infiniplex_forest_pool
D:3:      minmay_misc_feat_five, nrook_mini_backslash, tgw_trog

Skill      XL: |  1  2  3  4 |
---------------+-------------+-----
Stealth        | 1 2 |  2.1
Long Blades    | 3 |  3.3
Fighting       | |  3.4
Dodging        | |  3.4
Shields        | |  3.5

Action                   |  1- 3 |  4- 6 || total
-------------------------+-------+-------++-------
Melee: Long sword        |    66 |    32 ||    98
       Constrict         |    20 |    11 ||    31
       Tentacles         |    12 |     5 ||    17
  Use: Scroll            |     1 |       ||     1
 Stab: Sleeping          |     8 |     1 ||     9
  Eat: Chunk             |     1 |     2 ||     3
Armor: Skin              |     8 |     4 ||    12
Dodge: Dodged            |    35 |    10 ||    45
Block: Shield            |    25 |    24 ||    49
       Rpst.: Long sword |    12 |     3 ||    15

Table legend:
 A = Spawn XP
 B = Non-spawn XP
 C = Spawn XP percentage of total XP
 D = Spawn monster count
 E = Non-spawn monster count
 F = Spawn count percentage of total count
 G = Total turns spent on level
                    A         B        C        D         E        F      G
               +---------+---------+-------+---------+---------+-------+---------
         Total |       0 |     161 |   0.0 |       0 |      48 |   0.0 |  2040
               +---------+---------+-------+---------+---------+-------+---------
           D:1 |       0 |      42 |   0.0 |       0 |      27 |   0.0 |   851
           D:2 |       0 |      38 |   0.0 |       0 |       9 |   0.0 |   679
           D:3 |       0 |      81 |   0.0 |       0 |      12 |   0.0 |   510
               +---------+---------+-------+---------+---------+-------+---------

Vault maps used:
D:1:      lordsloth_arrival_two_stooges, serial_forest,
          infiniplex_forest_clump_cross, infiniplex_forest_straight_2,
          infiniplex_forest_zigzag_1, infiniplex_forest_lined_corner,
          infiniplex_forest_clump_diagonal, infiniplex_forest_clump_long,
          infiniplex_forest_pool
D:3:      minmay_misc_feat_five, nrook_mini_backslash, tgw_trog

Table legend:
 A = Turns spent in this place as a percentage of turns spent in the entire game.
 B = Non-inter-level travel turns spent in this place as a percentage of non-inter-level travel turns spent in the entire game.
 C = Inter-level travel turns spent in this place as a percentage of turns spent in this place.
 D = Turns resting spent in this place as a percentage of non-inter-level travel turns spent in this place.
 E = Turns spent auto-exploring this place as a percentage of non-inter-level travel turns spent in this place.
 F = Non-inter-level travel turns spent in this place divided by the number of levels of this place that you've seen.
                   A       B       C       D       E      F
               +-------+-------+-------+-------+-------+----------------------
         Total | 100.0 | 100.0 |   2.2 |  22.7 |  63.4 | 665.3
       Dungeon | 100.0 | 100.0 |   2.2 |  22.7 |  63.4 | 665.3
               +-------+-------+-------+-------+-------+----------------------

Table legend:
 A = Kills in this place as a percentage of kills in entire the game.
 B = Kills by you in this place as a percentage of kills by you in the entire game.
 C = Kills by friends in this place as a percentage of kills by friends in the entire game.
 D = Other kills in this place as a percentage of other kills in the entire game.
 E = Experience gained in this place as a percentage of experience gained in the entire game.
 F = Experience gained in this place divided by the number of levels of this place that you have seen.
                   A       B       C       D       E      F
               +-------+-------+-------+-------+-------+----------------------
         Total | 100.0 | 100.0 |   N/A |   N/A | 100.0 |  53.7
       Dungeon | 100.0 | 100.0 |   N/A |   N/A | 100.0 |  53.7
               +-------+-------+-------+-------+-------+----------------------
